 Dungeon Crawl Stone Soup version 0.25.1-2-g60ff931df9 (webtiles) character file.

Game seed: 9675159097553532858

107 hawla the Chopper (level 4, 0/41 HPs)
             Began as a Hill Orc Monk on Sept 30, 2020.
             Slain by Ijyb (2 damage)
             ... on level 3 of the Dungeon.
             The game lasted 00:05:14 (2615 turns).

hawla the Chopper (Hill Orc Monk)                   Turns: 2615, Time: 00:05:15

Health: 0/41       AC:  4    Str: 14    XL:     4   Next: 86%
Magic:  4/4        EV: 13    Int: 10    God:
Gold:   161        SH:  0    Dex: 13    Spells: 3/3 levels left

rFire    . . .     SeeInvis .   o - +0 long sword
rCold    . . .     Gourm    .   (no shield)
rNeg     . . .     Faith    .   p - +0 leather armour
rPois    .         Spirit   .   (no helmet)
rElec    .         Reflect  .   (no cloak)
rCorr    .         Harm     .   (no gloves)
MR       .....                  k - +0 pair of boots
Stlth    ++........             (no amulet)
HPRegen  0.13/turn              (no ring)
MPRegen  0.09/turn              (no ring)

@: about to teleport
A: no striking features
a: no special abilities


You were on level 3 of the Dungeon.
You were not hungry.

You visited 1 branch of the dungeon, and saw 3 of its levels.

You collected 161 gold pieces.

Inventory:

Hand Weapons
 a - a +1 hand axe
 o - a +0 long sword (weapon)
Missiles
 d - 3 curare-tipped darts (quivered)
Armour
 f - a +0 chain mail
 i - a +0 ring mail
 k - a +0 pair of boots (worn)
 l - a +2 helmet of see invisible
 p - a +0 leather armour (worn)
Scrolls
 e - a scroll of identify
 g - 2 scrolls of teleportation
 q - 2 scrolls of remove curse
Potions
 h - a potion of haste {unknown}
 m - a potion of stabbing {unknown}
Comestibles
 c - 3 rations


   Skills:
 + Level 4.4 Fighting
 + Level 5.1 Axes
 * Level 3.5 Dodging
 - Level 1.5 Stealth


You had 3 spell levels left.
You didn't know any spells.
Your spell library was empty.

Dungeon Overview and Level Annotations

Branches:
Dungeon (3/15)

Altars:
Cheibriados
Sif Muna

Annotations:
D:3 Ijyb, Natasha


Message History

Ijyb hits you but does no damage.
Natasha, Servant of Life and Death comes into view.
You barely miss Ijyb.
Ijyb is moderately wounded.
Ijyb misses you.
You riposte.
You closely miss Ijyb.
Ijyb is heavily wounded.
Natasha casts a spell at you. The magic dart hits you.
* * * LOW HITPOINT WARNING * * *
As you read the scroll of teleportation, it crumbles to dust.
You feel strangely unstable. Ijyb hits you.
* * * LOW HITPOINT WARNING * * *
You miss Ijyb.
Ijyb is heavily wounded.
Natasha stares at you and mumbles some strange words.
The magic dart hits you!
* * * LOW HITPOINT WARNING * * *
Ijyb screams, "Me very upset!"
Ijyb hits you.
You die...

###.####...#.##.###.#.#
# #.. #.##.#.# #..
#.#.#.# ..# ##..#.#
#.###.#.#...
#h#.........
#........>..
#..########.# #..@...#
# #..g##...$. #?###(
### #.# #. #. .. # ##


You could see Ijyb (poisoned, slow) and Natasha.

Vanquished Creatures
  A scorpion (D:1)
  2 adders (D:2)
  An ooze (D:2)
  A worm (D:2)
  2 giant cockroaches
  4 hobgoblins
  4 bats
  3 frilled lizards (D:1)
  7 goblins
  7 kobolds
  2 rats
34 creatures vanquished.

Notes
Turn   | Place    | Note
-------+----------+-------------------------------------------
     0 | D:1      | hawla the Hill Orc Monk began the quest for the Orb.
     0 | D:1      | Reached XP level 1. HP: 19/19 MP: 1/1
   285 | D:1      | Reached XP level 2. HP: 27/27 MP: 2/2
   701 | D:2      | Reached XP level 3. HP: 33/33 MP: 3/3
  1103 | D:2      | Noticed a scorpion
  1666 | D:1      | Killed a scorpion
  1666 | D:1      | Reached skill level 5 in Axes
  1666 | D:1      | Reached XP level 4. HP: 27/41 MP: 4/4
  1935 | D:2      | Found a shimmering blue altar of Sif Muna.
  1947 | D:2      | Found a snail-covered altar of Cheibriados.
  2605 | D:3      | Noticed Ijyb
  2612 | D:3      | Noticed Natasha
  2615 | D:3      | HP: 2/41 [Natasha/magic dart (9)]
  2615 | D:3      | Slain by Ijyb

Illustrated notes

Levels and vault maps discovered:
D:1:      scummos_arrival_simple_crosswalls, layout_basic, kennysheep_boxes
D:2:      layout_loops_corners, overflow_temple_1_default, cheibriados_altar_1,
          first_ration
D:3:      layout_loops_ring, uniq_natasha, uniq_jessica, uniq_ijyb, uniq_robin

Skill      XL: |  1  2  3 |
---------------+----------+-----
Fighting       | 4 |  4.4
Dodging        | 3 |  3.5
Axes           | 5 |  5.1
Stealth        | |  1.5

Action                   |  1- 3 |  4- 6 || total
-------------------------+-------+-------++-------
Melee: Hand axe          |    92 |    24 ||   116
       Long sword        |       |     5 ||     5
Throw: Dart              |     1 |     5 ||     6
  Use: Scroll            |     5 |     2 ||     7
 Stab: Sleeping          |     2 |     2 ||     4
       Distracted        |     1 |       ||     1
  Eat: Chunk             |     1 |     1 ||     2
       Ration            |     1 |       ||     1
Armor: Robe              |    16 |     3 ||    19
       Leather armour    |       |     2 ||     2
Dodge: Dodged            |    62 |    13 ||    75
       Rpst.: Long sword |       |     1 ||     1
